 Dungeon Crawl Stone Soup version 0.28.0-43-g3370ac3207 (webtiles) character file.

Game seed: 9361591425897026160

12 joshe the Ruffian (level 2, -11/27 HPs)
             Began as an Ogre Transmuter on Mar 14, 2022.
             Mangled by Sigmund
             ... wielding a +0 scythe
              (19 damage)
             ... on level 2 of the Dungeon.
             The game lasted 00:05:29 (711 turns).

joshe the Ruffian (Ogre Transmuter)                  Turns: 711, Time: 00:05:29

Health: -11/27     AC:  3    Str: 13    XL:     2   Next: 33%
Magic:  5/5        EV:  9    Int: 14    God:
Gold:   14         SH:  0    Dex:  9    Spells: 3/5 levels left

rFire   . . .      SeeInvis .     - Unarmed
rCold   . . .      Faith    .   (no shield)
rNeg    . . .      Spirit   .   a - +0 robe
rPois   .          Reflect  .   (helmet restricted)
rElec   .          Harm     .   (no cloak)
rCorr   .          Rampage  .   (gloves unavailable)
Will    .....                   (boots unavailable)
Stlth   +.........              (no amulet)
HPRegen 0.09/turn               (no ring)
MPRegen 0.09/turn               (no ring)

@: no status effects
A: large, unfitting armour, tough skin 1
a: no special abilities


You were on level 2 of the Dungeon.
You visited 1 branch of the dungeon, and saw 2 of its levels.

You collected 14 gold pieces.

Inventory:

Hand Weapons
 b - a +0 short sword
Armour
 a - a +0 robe (worn)
Jewellery
 c - a ring of ice


   Skills:
 - Level 1.3 Fighting
 - Level 1.7 Dodging
 + Level 3.3 Unarmed Combat
 - Level 2.4 Spellcasting
 - Level 1.7 Transmutations


You had 3 spell levels left.
You knew the following spells:

 Your Spells              Type           Power      Damage    Failure   Level
a - Beastly Appendage     Tmut           12%        N/A       11%         1
b - Summon Small Mammal   Summ           4%         N/A       22%         1

Your spell library contained the following spells:

 Spells                   Type           Power      Damage    Failure   Level
 Wereblood                Tmut           6%         N/A       17%         2
 Animate Skeleton         Necr           2%         N/A       22%         1
 Apportation              Tloc           2%         N/A       22%         1
 Spider Form              Tmut/Pois      4%         N/A       43%         3
 Ice Form                 Ice/Tmut       4%         N/A       85%         4


Dungeon Overview and Level Annotations

Branches:
Dungeon (1/15)

Altars:

Annotations:
D:2 Sigmund


Innate Abilities, Weirdness & Mutations

You are too large for most types of armour.
You have tough skin. (AC +1)


Message History

Casting: Beastly Appendage (safe; 11% risk of failure)
Confirm with . or Enter, or press ? or * to list all spells.
You grow a pair of large bovine horns.
Your feet morph into talons.
You hit the hobgoblin.
The hobgoblin is almost dead.
The hobgoblin barely misses you.
You barely miss the hobgoblin. Your punch misses the hobgoblin.
The hobgoblin is almost dead.
The hobgoblin barely misses you.
You barely miss the hobgoblin.
The hobgoblin is almost dead.
The hobgoblin barely misses you.
You hit the hobgoblin.
You kill the hobgoblin!
Your transformation is almost over.
Magic restored.
A kobold comes into view. It is wielding a +0 club.
A sourceless malevolence fills the Dungeon...
You fall into a shaft and drop 1 floor!
The shaft crumbles and collapses.
Sigmund and an adder come into view.
Your horns disappear.
Your talons disappear.
The adder hisses angrily.
Found 10 gold pieces.
You aren't carrying any scrolls.
It was a potion of curing.
You feel better.
Sigmund shouts!
Sigmund drinks a potion.
Sigmund seems to grow stronger.
A bat comes into view.
Found a scroll labelled YMIODAV XIGUECS.
Sigmund gestures at you while chanting. The puff of flame hits you!
A dart slug comes into view.
Sigmund hits you with a +0 scythe!
* * * LOW HITPOINT WARNING * * *
The bat barely misses you. The bat hits you but does no damage.
Sigmund hits you from afar with a +0 scythe!!
Ouch! That really hurt!
You die...

.. .. #. #. #####.
......##########.
######...S........
.......b.@.......$
.......@#######w..
.......?# .
........#
........#
........#
........#
.####...# #...#


You could see Sigmund (strong), an adder and a bat.

Vanquished Creatures
  2 endoplasms (D:1)
  A giant cockroach (D:1)
  3 goblins (D:1)
  2 hobgoblins (D:1)
  A frilled lizard (D:1)
  2 kobolds (D:1)
11 creatures vanquished.

Vanquished Creatures (others)
  A plant (D:1)
1 creature vanquished.

Grand Total: 12 creatures vanquished

Notes
Turn   | Place    | Note
-------+----------+-------------------------------------------
     0 | D:1      | joshe the Ogre Transmuter began the quest for the Orb.
     0 | D:1      | Reached XP level 1. HP: 19/19 MP: 3/3
   231 | D:1      | Reached skill level 3 in Unarmed Combat
   405 | D:1      | Reached XP level 2. HP: 24/27 MP: 0/5
   407 | D:1      | Learned a level 1 spell: Summon Small Mammal
   706 | D:1      | You fall into a shaft and drop 1 floor!
   706 | D:2      | Noticed Sigmund
   711 | D:2      | Mangled by Sigmund

Illustrated notes

Levels and vault maps discovered:
D:1:      grunt_arrival_lava_bath, layout_basic,
          shapermc_ecumenical_altar_acropolis, serial_shops, shop_fountains,
          nicolae_shop_behind_doors, nicolae_shop_behind_doors,
          nicolae_shop_waterfront
D:2:      layout_basic, st_stairs_10, uniq_sigmund

Skill      XL: |  1 |
---------------+----+-----
Unarmed Combat | 3 |  3.3
Fighting       | |  1.3
Dodging        | |  1.7
Spellcasting   | |  2.4
Transmutations | |  1.7

Action                   || total
-------------------------++-------
Melee: Unarmed           ||    36
       Kick              ||     4
       Headbutt          ||     3
Throw: Stone             ||     1
 Cast: Beastly Appendage ||    10
  Use: Potion            ||     1
Armor: Robe              ||    10
Dodge: Dodged            ||    15
